 Dungeon Crawl Stone Soup version 0.19.0-2-gae57169 (webtiles) character file.

2163 Leibowitz the Slicer (level 9, 0/82 HPs)
             Began as a Kobold Gladiator on Nov 5, 2016.
             Was a Believer of Okawaru.
             Slain by a sky beast (6 damage)
             ... on level 7 of the Dungeon.
             The game lasted 00:26:05 (7323 turns).

Leibowitz the Slicer (Kobold Gladiator)             Turns: 7323, Time: 00:26:05

Health: 0/82       AC: 24    Str: 11 (13) XL:     9   Next: 57%
Magic:  9/9        EV:  3    Int:  6 (9)  God:    Okawaru [**....]
Gold:   332        SH:  6    Dex: 15 (18) Spells: 0 memorised, 8 levels left

rFire  . . .     SeeInvis .     a - +1 dagger (venom)
rCold  . . .     Gourm    .     (armour currently unavailable)
rNeg   + + +     Faith    +     z - +0 buckler
rPois  +         Spirit   .     (helmet currently unavailable)
rElec  .         Reflect  .     (cloak currently unavailable)
rCorr  .         Harm     .     (gloves currently unavailable)
MR     +....     NoTele   +     (boots currently unavailable)
Stlth  +++.......               y - amulet of faith
                                H - ring of poison resistance
                                d - ring of protection from magic

@: lethally poisoned (0 -> -1), tree-form
A: carnivore 3
a: Heroism, Renounce Religion


You were on level 7 of the Dungeon.
You worshipped Okawaru.
Okawaru was pleased with you.
You were completely stuffed.
You were a tree.
You visited 2 branches of the dungeon, and saw 9 of its levels.

You collected 332 gold pieces.

Inventory:

Hand Weapons
 a - a +1 dagger of venom (weapon)
 h - a +0 rapier
Missiles
 c - 48 poisoned needles
 l - a throwing net (quivered)
Armour
 o - a +0 pair of boots (melded)
 q - a +0 leather armour (melded)
 z - a +0 buckler (worn)
 E - a +2 helmet (melded)
 G - the +0 chain mail of Amuovvaet {Dex+3}
   (You found it on level 5 of the Dungeon)

   It affects your dexterity (+3).
Jewellery
 d - a ring of protection from magic (left branch)
 g - an uncursed ring of protection from cold
 y - an amulet of faith (around neck)
 H - a ring of poison resistance (right branch)
Wands
 r - a wand of slowing (14/48)
Scrolls
 i - 3 scrolls of identify
 j - 2 scrolls of amnesia
 k - 3 scrolls of remove curse
 m - 2 scrolls of teleportation
 t - 2 scrolls of immolation
 B - 2 scrolls of blinking {unknown}
 D - a scroll of fear {unknown}
 F - 2 scrolls of enchant armour {unknown}
Potions
 e - 3 potions of agility
 n - a potion of mutation
 p - 2 potions of magic
 v - a potion of brilliance
 x - a potion of degeneration
Books
 b - a book of Misfortune

   Spells                             Type                      Level
   a - Confusing Touch                Hexes                        1
   b - Confuse                        Hexes                        3
   c - Gell's Gravitas                Hexes/Translocation          3
   d - Petrify                        Transmutation/Earth          4
   e - Metabolic Englaciation         Hexes/Ice                    5
   f - Yara's Violent Unravelling     Hexes/Transmutation          5
Comestibles
 f - 4 meat rations
 s - a slice of pizza
 w - 2 chunks of flesh


   Skills:
 * Level 6.2 Fighting
 + Level 8.7 Short Blades
 + Level 2.6 Throwing
 + Level 2.9 Armour
 * Level 7.3 Dodging
 * Level 5.8 Stealth
 * Level 3.1 Shields
 + Level 1.2 Evocations


You had 8 spell levels left.
You didn't know any spells.

Dungeon Overview and Level Annotations

Branches:
Dungeon (8/15)             Temple (1/1) D:5
   Lair: D:8-11

Altars:
Ashenzari
Cheibriados
Fedhas
Kikubaaqudgha
Okawaru
Sif Muna
Uskayaw
Yredelemnul

Shops:
D:5 }   D:6 ?

Annotations:
D:4 Kloppie's ghost, amateur DsBe


Innate Abilities, Weirdness & Mutations

You are small and have problems with some larger weapons.
You are carnivorous and can eat meat at any time.


Message History

Something barely misses you.
It was a potion of cancellation.
You feel magically purged. Something barely misses you.
It was a potion of lignification.
You turn into a tree.
Your +2 helmet melds into your body.
Your +0 pair of boots melds into your body.
Your +0 leather armour melds into your body.
Your roots penetrate the ground.
You feel sick. Something hits you but does no damage.
You miss something. Something hits you but does no damage.
You miss something. You hit something. Something hits you but does no damage.
You barely miss something. Something hits you but does no damage.
You hit something. You closely miss something.
You feel sick. Something hits you but does no damage.
You closely miss something. Something hits you.
* * * LOW HITPOINT WARNING * * *
Something shocks you.
You die...

### ..#
#.# #{#
#♣#
#††...#
....)..#
###.......
#.....##..
......# #
#######


There were no monsters in sight!

Vanquished Creatures
  Joseph (D:7)
  A water moccasin (D:6)
  An orc warrior (D:5)
  2 sky beasts
  An ice beast (D:6)
  A centaur (D:6)
  2 ogres (D:4)
  2 bullfrogs (D:6)
  Blork the orc (D:5)
  A water moccasin skeleton (D:6)
  2 killer bees (D:7)
  A howler monkey (D:6)
  A crimson imp (D:6)
  A bullfrog zombie (D:5)
  2 hounds
  An orc priest (D:2)
  A centaur skeleton (D:6)
  8 orc wizards
  4 worker ants
  A worker ant zombie (D:5)
  Robin (D:3)
  6 adders
  6 gnolls
  2 oozes
  An adder skeleton (D:5)
  2 worms
  A dart slug (D:1)
  7 leopard geckos
  16 orcs
  2 ball pythons (D:1)
  3 giant cockroaches
  21 goblins
  10 hobgoblins
  4 jackals
  7 kobolds
  3 quokkas
  5 bats
  7 frilled lizards
  A giant cockroach zombie (D:4)
  4 rats
144 creatures vanquished.

Notes
Turn   | Place    | Note
-------+----------+-------------------------------------------
     0 | D:1      | Leibowitz the Kobold Gladiator began the quest for the Orb.
     0 | D:1      | Reached XP level 1. HP: 12/12 MP: 1/1
   107 | D:1      | Reached XP level 2. HP: 10/18 MP: 2/2
   553 | D:1      | Reached XP level 3. HP: 21/22 MP: 3/3
  1252 | D:2      | Reached XP level 4. HP: 21/27 MP: 4/4
  1446 | D:2      | Found a basalt altar of Yredelemnul.
  1454 | D:2      | Reached skill level 5 in Short Blades
  1540 | D:3      | Noticed Robin
  1551 | D:2      | Reached skill level 1 in Stealth
  2025 | D:2      | Reached skill level 1 in Armour
  2025 | D:2      | Reached XP level 5. HP: 20/32 MP: 5/5
  2858 | D:2      | Reached XP level 6. HP: 21/37 MP: 6/6
  3180 | D:3      | Killed Robin
  3183 | D:3      | Reached skill level 6 in Short Blades
  3473 | D:4      | Noticed an ogre
  3494 | D:4      | Killed an ogre
  3633 | D:4      | Noticed Kloppie's ghost (amateur DsBe)
  3693 | D:4      | Noticed an ogre
  3706 | D:4      | Killed an ogre
  3706 | D:4      | Reached skill level 5 in Dodging
  3706 | D:4      | Reached XP level 7. HP: 42/42 MP: 7/7
  4199 | D:5      | Entered Level 5 of the Dungeon
  4215 | D:5      | Reached skill level 7 in Short Blades
  4347 | D:5      | Got an ancient chain mail
  4358 | D:5      | Identified the +0 chain mail of Amuovvaet {Dex+3} (You found it on level 5 of the Dungeon)
  4375 | D:5      | Noticed Blork the orc
  4661 | D:5      | Gained mutation: Armour fits poorly on your strangely shaped body. [potion of mutation]
  4661 | D:5      | Gained mutation: Your flesh is heat resistant. (rF+) [potion of mutation]
  4661 | D:5      | Gained mutation: You evolve. [potion of mutation]
  4662 | D:5      | Lost mutation: Armour fits poorly on your strangely shaped body. [potion of cure mutation]
  4662 | D:5      | Lost mutation: You evolve. [potion of cure mutation]
  4662 | D:5      | Lost mutation: Your flesh is heat resistant. (rF+) [potion of cure mutation]
  4671 | D:5      | Found Cionikim's Gadget Shoppe.
  4687 | D:5      | Killed Blork the orc
  4687 | D:5      | Reached skill level 1 in Shields
  4810 | D:5      | Found a deep blue altar of Sif Muna.
  4947 | D:5      | Found a staircase to the Ecumenical Temple.
  4953 | D:5      | Reached XP level 8. HP: 48/48 MP: 8/8
  4961 | Temple   | Entered the Ecumenical Temple
  4970 | Temple   | Became a worshipper of Warmaster Okawaru
  5267 | D:6      | Found Ysmurias's Magic Scroll Boutique.
  5286 | D:6      | Reached * piety under Okawaru
  5286 | D:6      | Reached skill level 8 in Short Blades
  5422 | D:5      | HP: 2/48 [orc warrior/scimitar (5)]
  5426 | D:5      | Reached skill level 5 in Fighting
  6152 | D:6      | Reached XP level 9. HP: 54/54 MP: 9/9
  6444 | D:6      | Found a blossoming altar of Fedhas.
  6493 | D:6      | Reached ** piety under Okawaru
  6493 | D:6      | Reached skill level 5 in Stealth
  6740 | D:6      | Found an iron altar of Okawaru.
  7065 | D:7      | Noticed Joseph
  7103 | D:7      | Killed Joseph
  7103 | D:7      | Reached skill level 1 in Evocations
  7296 | D:7      | You fall through a shaft!
  7323 | D:7      | Slain by a sky beast

Skill      XL: |  1  2  3  4  5  6  7  8  9 |
---------------+----------------------------+-----
Dodging        | 4 5 6 7 |  7.3
Short Blades   | 5 6 7 8 |  8.7
Stealth        | 1 3 4 5 |  5.8
Armour         | 1 2 |  2.9
Fighting       | 3 4 5 6 |  6.2
Shields        | 1 2 3 |  3.1
Evocations     | 1 |  1.2
Throwing       | |  2.6

Action                   |  1- 3 |  4- 6 |  7- 9 || total
-------------------------+-------+-------+-------++-------
Melee: Rapier            |    91 |   220 |   124 ||   435
       Dagger            |       |       |   300 ||   300
Throw: Throwing net      |       |     2 |     3 ||     5
Evoke: Wand              |       |       |     4 ||     4
  Use: Potion            |       |       |    11 ||    11
       Scroll            |       |       |     7 ||     7
 Stab: Sleeping          |       |       |     4 ||     4
       Held in net/web   |       |       |     1 ||     1
  Eat: Chunk             |     9 |     8 |    12 ||    29
Armor: Leather armour    |    13 |    34 |    43 ||    90
       Skin              |       |       |     5 ||     5
Dodge: Dodged            |    71 |   171 |   213 ||   455
Block: Buckler           |       |    16 |    84 ||   100
